 Dungeon Crawl Stone Soup version 0.21.0-37-g46506fa (webtiles) character file.

39 Miyamura the Insei (level 3, -4/23 HPs)
             Began as an Octopode Transmuter on Feb 1, 2018.
             Slain by Sigmund
             ... wielding a +0 scythe
              (10 damage)
             ... on level 2 of the Dungeon.
             The game lasted 00:02:57 (1867 turns).

Miyamura the Insei (Octopode Transmuter)            Turns: 1867, Time: 00:02:57

Health: -4/23      AC:  1    Str:  9    XL:     3   Next: 47%
Magic:  3/6        EV: 13    Int: 21    God:
Gold:   138        SH:  0    Dex: 12    Spells: 0/6 levels left

rFire    . . .     SeeInvis .     - Unarmed
rCold    . . .     Gourm    .   (no shield)
rNeg     + . .     Faith    .   (helmet restricted)
rPois    .         Spirit   .   (no amulet)
rElec    .         Reflect  .   o - ring of positive energy
rCorr    .         Harm     .   (no ring)
MR       .....                  (no ring)
Stlth    +++.......             (no ring)
HPRegen  0.07/turn              (no ring)
MPRegen  0.10/turn              (no ring)
                                (no ring)
                                (no ring)

@: brilliant
A: almost no armour, stealthy swim, amphibious, 8 rings, constrict 8, camouflage
1, gelatinous body 1
a: no special abilities


You were on level 2 of the Dungeon.
You were not hungry.

You visited 1 branch of the dungeon, and saw 2 of its levels.

You collected 138 gold pieces.

Inventory:

Missiles
 a - 11 arrows
 d - 84 stones (quivered)
 e - 5 curare-tipped needles
 h - 12 poisoned needles
 r - 20 bolts
 v - 8 tomahawks
Jewellery
 o - a ring of positive energy (left tentacle)
Scrolls
 i - a scroll of amnesia {unknown}
 k - a scroll of remove curse {unknown}
 l - a scroll of blinking {unknown}
 m - a scroll of fog {unknown}
 n - a scroll of random uselessness {unknown}
 q - 4 scrolls of magic mapping {unknown}
 s - a scroll of teleportation {unknown}
Potions
 j - a potion of lignification
 t - a potion of curing
Books
 b - a book of Changes

   Spells                             Type                      Level
   a - Beastly Appendage              Transmutation                1
   b - Sticks to Snakes               Transmutation                2
   c - Spider Form                    Transmutation/Poison         3
   d - Ice Form                       Ice/Transmutation            4
   e - Blade Hands                    Transmutation                5
Comestibles
 c - 4 rations


   Skills:
 + Level 1.4 Fighting
 + Level 2.3 Dodging
 + Level 1.6 Stealth
 + Level 3.2 Unarmed Combat
 + Level 2.3 Spellcasting
 + Level 2.3 Transmutations


You couldn't memorise any spells.
You knew the following spells:

 Your Spells              Type           Power        Failure   Level  Hunger
a - Beastly Appendage     Tmut           ####..       1%          1    #......
b - Spider Form           Tmut/Pois      ###.......   3%          3    ###....
t - Sticks to Snakes      Tmut           ####....     1%          2    ##.....


Dungeon Overview and Level Annotations

Branches:
Dungeon (2/15)

Altars:

Annotations:
D:2 Sigmund


Innate Abilities, Weirdness & Mutations

You cannot wear most types of armour.
You are very stealthy in the water. (Stealth+)
You are amphibious.
You can wear up to eight rings at the same time.
You can use your tentacles to constrict eight enemies at once.
Your skin changes colour to match your surroundings (Stealth+).
Your rubbery body absorbs attacks. (AC +1, EV +1)


Message History

As you read the scroll labeled UPAORI EDEI, it crumbles to dust.
You assume a fearsome visage.
It was a scroll of fear.
Sigmund appears from thin air!
Reactivating autopickup.
Your transformation is almost over.
Sigmund gestures wildly while chanting.
Sigmund flickers and vanishes!
Deactivating autopickup; reactivate with Ctrl-A.
You cannot move.
You cannot move.
You cannot move.
You cannot move.
You hear a zap.
Something tries to affect you, but you resist.
You hear a zap.
Something hits you but does no damage. Something hits you but does no damage.
You feel less wooden. Something hits you!
You die...

#.#
#..'
#.#
#)##
#.#
#.##
#.#
#.##
#.#
#...
#.#
####
#.#
#S#
#@#
#...#
#.###
#. #


You could see a friendly ball python.

Vanquished Creatures
  2 dart slugs (D:1)
  A worm (D:2)
  A leopard gecko (D:2)
  A giant cockroach (D:1)
  3 goblins
  2 hobgoblins (D:1)
  11 kobolds
  A bat (D:1)
  3 frilled lizards (D:1)
  11 rats (D:1)
36 creatures vanquished.

Notes
Turn   | Place    | Note
-------+----------+-------------------------------------------
     0 | D:1      | Miyamura the Octopode Transmuter began the quest for the Orb.
     0 | D:1      | Reached XP level 1. HP: 13/13 MP: 3/3
   141 | D:1      | Reached XP level 2. HP: 9/18 MP: 3/5
   143 | D:1      | Reached skill level 1 in Stealth
   410 | D:1      | Learned a level 2 spell: Sticks to Snakes
   762 | D:1      | Reached XP level 3. HP: 23/23 MP: 6/6
   960 | D:1      | Learned a level 3 spell: Spider Form
  1814 | D:2      | Noticed Sigmund
  1867 | D:2      | Slain by Sigmund

Skill      XL: |  1  2 |
---------------+-------+-----
Stealth        | 1 |  1.6
Fighting       | |  1.4
Dodging        | |  2.3
Unarmed Combat | |  3.2
Spellcasting   | |  2.3
Transmutations | |  2.3

Action                   || total
-------------------------++-------
Melee: Unarmed           ||    73
       Constrict         ||    23
       Kick              ||     5
       Tentacles         ||     8
       Punch             ||     3
 Cast: Beastly Appendage ||     5
       Spider Form       ||     1
       Sticks to Snakes  ||     1
  Use: Potion            ||     4
       Scroll            ||     1
 Stab: Sleeping          ||     4
  Eat: Chunk             ||     3
Armor: Skin              ||    17
Dodge: Dodged            ||    45
